 Dungeon Crawl Stone Soup version 0.31.0-11-ge490571c62 (webtiles) character file.

Game seed: 11699742792599446010

191 Gadfly the Insei (level 5, -4/41 HPs)
             Began as a Demonspawn Monk on Feb 2, 2024.
             Slain by a yak (14 damage)
             ... on level 4 of the Dungeon.
             The game lasted 00:02:28 (2453 turns).

Gadfly the Insei (Demonspawn Monk)                  Turns: 2453, Time: 00:02:29

Health: -4/41      AC:  4    Str: 13    XL:     5   Next: 42%
Magic:  5/5        EV: 13    Int: 10    God:
Gold:   117        SH:  4    Dex: 16    Spells: 4/4 levels left

rFire   . . .        b - +2 short sword (venom)
rCold   . . .        c - orb {light}
rNeg    . . .        a - +1 robe
rPois   .            (no helmet)
rElec   .            g - +0 cloak {rCorr}
rCorr   +            (no gloves)
SInv    .            (no boots)
Will    .....        (no amulet)
Stlth   +            (no ring)
HPRegen 0.26/turn    (no ring)
MPRegen 0.09/turn

%: no passive effects
@: glowing
A: large bone plates 1
a: no special abilities


You were on level 4 of the Dungeon.
You visited 1 branch of the dungeon, and saw 4 of its levels.

You collected 117 gold pieces.

Inventory:

Hand Weapons
 b - a +2 short sword of venom (weapon)
 d - a +3 dagger of pain
Armour
 a - a +1 robe (worn)
 c - an orb of light (worn)
 g - a +0 cloak of preservation (worn)
Wands
 f - a wand of flame (23)
Scrolls
 h - a scroll of enchant armour
Potions
 e - a potion of ambrosia


   Skills:
 - Level 3.0 Fighting
 + Level 3.3 Dodging
 * Level 3.7 Unarmed Combat
 * Level 2.5 Evocations
 * Level 2.0 Shapeshifting


You had 4 spell levels left.
You didn't know any spells.
Your spell library contained the following spells:

 Spells                   Type           Power      Damage    Failure   Level
 Summon Forest            Summ/Tloc      0%         N/A       100%        5
 Summon Mana Viper        Hex/Summ       0%         N/A       100%        5
 Summon Cactus Giant      Summ           0%         N/A       100%        6


Dungeon Overview and Level Annotations

Branches:
Dungeon (4/15)
 Temple: D:4-7

Altars:
Cheibriados

Annotations:
D:3 1 runed translucent door, Rassilon's ghost, amateur DsMo


Innate Abilities, Weirdness & Mutations

You are partially covered in large bone plates. (SH +4)


Message History

No target in view!
No target in view!
No target in view!
No target in view!
No target in view!
No target in view!
No target in view!
No target in view!
HP restored.
You see here an adder corpse.
A yak comes into view.
The yak bellows!
You hear a bellow!
A yak is nearby!
A yak comes into view.
A yak comes into view.
A yak comes into view.
The yak bellows!
A yak comes into view.
The yak gores you.
You hit the yak.
The yak is lightly wounded.
An orc comes into view. It is wielding a +0 club.
The yak gores you!
The orc shouts!
You hit the yak but do no damage.
The yak is poisoned.
The yak is lightly wounded.
You hit the yak but do no damage.
The yak is poisoned.
You hit the yak but do no damage.
The yak looks as sick as possible!
The yak is lightly wounded.
The yak gores you. The yak gores you but does no damage.
The orc shouts!
You hit the yak.
The yak looks as sick as possible!
The yak is moderately wounded.
The yak gores you! The yak gores you.
* * * LOW HITPOINT WARNING * * *
You are too injured to fight recklessly!
You are too injured to fight recklessly!
Unknown command.
The yak gores you!
You die...

... ##..P..##
#.###P.P....# ..
#..#.P.♣♣♣...###..
#..†..♣ ...P..#
##.♣.♣♣♣♣♣♣♣P..#
#.♣†P♣♣.♣PPP..#
#.....♣.P.....#
#...PP..PY....#
##.....P@YY...#
####PP..Y.o..o.Y
###.####..##.
..... .# ##.....
.. ###..... #♣
..... ###.


You could see 4 yaks and 2 orcs.

Vanquished Creatures
  A jelly (D:3)
  Crazy Yiuf (D:2)
  An orc wizard (D:2)
  4 adders
  A dart slug (D:2)
  2 ribbon worms
  5 orcs
  5 bats
  6 endoplasms
  3 giant cockroaches
  5 goblins
  4 hobgoblins
  2 quokkas
  5 ball pythons
  3 frilled lizards
  7 kobolds
  3 rats
58 creatures vanquished.

Notes
Turn   | Place    | Note
-------+----------+-------------------------------------------
     0 | D:1      | Gadfly the Demonspawn Monk began the quest for the Orb.
     0 | D:1      | Reached XP level 1. HP: 18/18 MP: 1/1
   240 | D:1      | Gained mutation: You are partially covered in large bone
                  | plates. (SH +4) [demonic ancestry]
   240 | D:1      | Reached XP level 2. HP: 24/24 MP: 2/2
   590 | D:1      | Reached skill level 1 in Evocations
   783 | D:2      | Found a snail-covered altar of Cheibriados.
   883 | D:2      | Reached skill level 1 in Shapeshifting
   883 | D:2      | Reached XP level 3. HP: 26/29 MP: 3/3
  1072 | D:2      | Reached XP level 4. HP: 33/35 MP: 4/4
  1157 | D:2      | Found a runed translucent door.
  1158 | D:2      | Noticed Crazy Yiuf
  1311 | D:2      | Found a faded altar of an unknown god.
  1512 | D:2      | Killed Crazy Yiuf
  1890 | D:3      | Reached XP level 5. HP: 41/41 MP: 5/5
  2088 | D:3      | Found a runed translucent door.
  2089 | D:3      | Noticed Rassilon's ghost (amateur DsMo)
  2444 | D:4      | Noticed a yak
  2445 | D:4      | Noticed a yak
  2446 | D:4      | Noticed a yak
  2447 | D:4      | Noticed a yak
  2447 | D:4      | Noticed a yak
  2453 | D:4      | Slain by a yak

Illustrated notes

Levels and vault maps discovered:
D:1:      psy_arrival_whirlpool, layout_loops_ring,
          nicolae_kite_square_tiling_tiny, hangedman_decor_points
D:2:      layout_rooms, shapermc_ecumenical_altar_mp_highgroup, basic_altar,
          nrook_uturn, moated_statue, hex_large, uniq_crazy_yiuf_cottage
D:3:      layout_rooms, ebering_ghost_reflecting_pool
D:4:      layout_rooms, serial_shops, nicolae_inconvenience_store,
          serial_forest, infiniplex_forest_straight_1,
          infiniplex_forest_lined_1, infiniplex_forest_lined_corner,
          infiniplex_forest_end_1, infiniplex_forest_lined_2,
          infiniplex_forest_clump_cross, infiniplex_forest_straight_5,
          infiniplex_forest_lined_corner, infiniplex_forest_straight_4,
          infiniplex_forest_clump_long

Skill      XL: |  1  2  3  4  5 |
---------------+----------------+-----
Evocations     | 1 2 |  2.5
Unarmed Combat | 3 |  3.7
Dodging        | 3 |  3.3
Shapeshifting  | 1 2 |  2.0
Fighting       | |  3.0

Action                     |  1- 3 |  4- 6 || total
---------------------------+-------+-------++-------
  Melee: Unarmed           |    40 |       ||    40
         Short sword       |    46 |    89 ||   135
    Use: Scroll            |     3 |     2 ||     5
 Armour: Robe              |    54 |    58 ||   112
  Dodge: Dodged            |    43 |    59 ||   102
